Map: Cyber Forest LE

Players

Wantan - Winner!

  • Race: Zerg Zerg
  • League: Master
  • Spawn Location: 11:00

Mez

  • Race: Terran Terran
  • League: Master
  • Spawn Location: 5:00

VOD

Have the link to the VOD?

Description

Time

  • Played on: Aug. 12, 2019, 10:04 a.m.
  • Length: 20:14
Show
View Real Time Build Order
Export as new Build Order

Wantan Zerg - Winner!

Build Orders: Pool First, Muta Ling Bane 

Get SALT Encoding   

  12  0:01  Drone  
  13  0:12  Overlord  
  13  0:18  Drone  
  14  0:22  Extractor  
  14  0:23  Drone  
  15  0:31  Drone  
  17  0:35  Drone  
  17  0:47  Spawning Pool  
  17  0:49  Drone  
  17  0:57  Drone  
  18  1:14  Hatchery  
  18  1:16  Drone  
  18  1:18  Extractor  
  17  1:34  Zergling x4  
  17  1:35  Queen  
  21  1:41  Overlord  
  21  1:50  Drone  
  22  2:01  Drone  
  23  2:18  Hatchery, Metabolic Boost  
  23  2:21  Drone  
  23  2:34  Queen  
  23  2:36  Drone x2  
  27  2:44  Drone x2  
  27  2:50  Drone  
  27  2:51  Drone  
  30  2:57  Drone  
  31  3:04  Drone, Roach Warren  
  31  3:07  Drone  
  31  3:09  Drone  
  33  3:16  Drone  
  34  3:21  Drone  
  35  3:33  Hatchery  
  34  3:37  Queen  
  35  3:44  Roach  
  35  3:45  Roach x2  
  41  3:49  Overlord  
  41  3:50  Drone  
  42  4:02  Evolution Chamber  
  41  4:04  Evolution Chamber  
  41  4:05  Roach  
  41  4:08  Drone  
  41  4:09  Drone x4  
  47  4:14  Extractor  
  47  4:15  Extractor  
  45  4:21  Drone, Spore Crawler  
  45  4:22  Drone x2  
  47  4:24  Roach  
  49  4:34  Overlord x2  
  49  4:56  Drone  
  49  4:57  Drone x11  
  61  5:01  Roach  
  63  5:11  Overlord, Drone x2  
  62  5:19  Spore Crawler  
  61  5:23  Baneling Nest  
  60  5:28  Overlord  
  60  5:29  Roach  
  60  5:30  Roach  
  66  5:35  Roach  
  66  5:36  Roach  
  66  5:41  Lair  
  68  5:44  Drone x2  
  70  5:54  Overlord, Drone  
  70  5:55  Drone x4  
  74  6:04  Drone x2  
  74  6:05  Drone x3  
  74  6:08  Drone  
  74  6:10  Overlord  
  80  6:14  Zerg Ground Armor Level 1  
  80  6:18  Spore Crawler  
  80  6:23  Drone  
  80  6:24  Drone x4  
  84  6:31  Pneumatized Carapace  
  84  6:33  Zerg Melee Weapons Level 1  
  84  6:34  Queen  
  84  6:38  Spine Crawler  
  85  6:40  Zergling x2  
  85  6:41  Zergling x4  
  85  6:45  Centrifical Hooks  
  88  6:47  Zergling x2  
  88  6:52  Drone  
  88  6:53  Drone x3, Zergling x2  
  94  6:56  Queen, Spine Crawler  
  94  6:58  Zergling x2  
  96  7:02  Baneling x4  
  96  7:03  Overlord  
  96  7:12  Overlord  
  96  7:20  Zergling x2, Spine Crawler x2  
  96  7:21  Zergling x2  
  96  7:27  Spore Crawler  
  96  7:28  Overlord  
  96  7:29  Zergling x18  
  104  7:31  Overlord, Drone x2  
  106  7:38  Drone x3, Zergling x4, Extractor  
  106  7:42  Zergling x2  
  106  7:43  Zergling x2  
  111  7:49  Overlord, Drone x2  
  111  7:50  Drone x2  
  114  7:52  Spire  
  114  7:55  Zergling x6  
  114  7:56  Zergling x4  
  117  7:59  Overlord  
  117  8:03  Glial Reconstitution  
  117  8:09  Overlord, Zergling x6  
  117  8:10  Zergling x2  
  121  8:17  Spine Crawler  
  121  8:18  Zerg Ground Armor Level 2  
  121  8:19  Overlord, Zergling x2  
  121  8:20  Zergling x4  
  121  8:21  Baneling  
  121  8:22  Baneling x4  
  121  8:23  Baneling x2  
  121  8:26  Drone x3  
  126  8:27  Drone  
  126  8:32  Drone  
  126  8:33  Drone x2  
  130  8:34  Infestation Pit, Overseer  
  130  8:37  Drone x3  
  130  8:39  Extractor  
  130  8:40  Extractor  
  127  8:44  Drone  
  127  8:45  Drone x5  
  127  8:48  Zerg Melee Weapons Level 2  
  132  8:58  Zergling x20  
  142  9:07  Overlord  
  142  9:10  Zerg Flyer Armor Level 1  
  142  9:22  Mutalisk x3  
  146  9:24  Overlord  
  146  9:25  Zergling x14  
  146  9:26  Hatchery  
  146  9:29  Extractor  
  151  9:32  Extractor, Mutalisk x2  
  151  9:37  Drone x7  
  159  9:50  Zergling x20  
  162  10:04  Mutalisk  
  162  10:05  Spine Crawler, Mutalisk x5  
  162  10:06  Overlord  
  170  10:14  Hive  
  170  10:17  Overlord x3  
  170  10:18  Zergling x2  
  170  10:19  Zergling x2  
  172  10:26  Overlord, Drone  
  172  10:27  Drone x2  
  175  10:32  Spine Crawler  
  175  10:34  Zergling x6  
  175  10:35  Zergling x10  
  180  10:37  Zergling x4  
  180  10:38  Zergling x2  
  155  10:52  Zergling x2  
  155  10:53  Zergling x28  
  156  10:57  Drone  
  156  11:00  Zergling x2  
  156  11:02  Mutalisk x2  
  156  11:03  Zergling x2, Mutalisk x2  
  166  11:08  Zergling x6  
  166  11:09  Zergling x4  
  163  11:12  Mutalisk  
  163  11:14  Zergling x4  
  163  11:15  Queen  
  163  11:18  Mutalisk x2  
  169  11:25  Baneling x2  
  173  11:28  Greater Spire  
  173  11:29  Zerg Ground Armor Level 3  
  173  11:30  Zerg Melee Weapons Level 3  
  170  11:40  Adrenal Glands  
  170  11:41  Drone x5, Ultralisk Cavern  
  170  11:44  Extractor x2  
  172  11:48  Baneling x4  
  172  11:49  Drone x2, Baneling x6  
  174  11:55  Overlord  
  174  11:56  Zergling x10  
  174  11:57  Zergling x2  
  174  11:58  Drone  
  174  12:00  Overseer x2  
  179  12:31  Chitinous Plating  
  179  12:32  Hatchery  
  179  12:34  Ultralisk x2  
  179  12:35  Ultralisk, Zergling x2  
  179  12:36  Zergling x12  
  197  12:38  Baneling  
  197  12:39  Overseer, Baneling x4  
  197  12:43  Zerg Flyer Armor Level 2  
  197  12:46  Spore Crawler  
  197  12:49  Drone x2  
  198  12:54  Drone  
  199  12:59  Baneling x2, Spine Crawler  
  199  13:00  Baneling x6, Spine Crawler  
  197  13:08  Overlord  
  191  13:23  Corruptor  
  191  13:24  Ultralisk x2, Corruptor  
  191  13:25  Overlord  
  166  13:35  Ultralisk x2  
  166  13:36  Ultralisk  
  166  13:39  Zergling x4  
  166  13:40  Zergling x6  
  155  13:46  Ultralisk  
  155  13:50  Anabolic Synthesis  
  143  14:01  Ultralisk x2  
  147  14:03  Brood Lord  
  147  14:05  Zergling x4  
  147  14:06  Zergling x6  
  153  14:10  Zergling x8  
  153  14:15  Drone  
  153  14:16  Drone x4  
  149  14:20  Drone x3  
  150  14:26  Ultralisk  
  154  14:31  Zergling x2  
  154  14:32  Zergling x10  
  152  14:45  Ultralisk x2  
  146  14:49  Zergling x2  
  146  14:50  Zergling x10  
  140  14:58  Drone, Extractor  
  140  14:59  Extractor  
  136  15:07  Corruptor x2, Brood Lord  
  136  15:08  Corruptor  
  136  15:10  Drone x3  
  136  15:12  Drone  
  136  15:13  Drone x2  
  148  15:25  Hatchery  
  148  15:26  Zerg Flyer Armor Level 3  
  147  15:29  Queen  
  149  15:39  Corruptor  
  149  15:40  Corruptor x2  
  151  15:44  Corruptor x2  
  151  15:48  Corruptor  
  153  15:54  Drone x4  
  154  16:00  Corruptor x3  
  158  16:10  Queen x2  
  158  16:20  Spore Crawler  
  158  16:21  Spore Crawler  
  158  16:22  Corruptor, Spore Crawler  
  158  16:23  Corruptor x2  
  158  16:24  Spore Crawler  
  160  16:26  Spore Crawler  
  157  16:46  Brood Lord x2  
  161  16:47  Brood Lord  
  161  16:48  Brood Lord x2  
  161  16:50  Queen  
  161  16:51  Queen  
  161  16:52  Drone x2  
  173  16:57  Extractor x2  
  173  17:00  Spine Crawler  
  170  17:01  Burrow  
  170  17:03  Brood Lord  
  172  17:15  Spore Crawler  
  172  17:16  Brood Lord x2  
  175  17:31  Zerg Missile Weapons Level 1  
  175  17:37  Overseer  
  175  17:38  Corruptor  
  175  17:39  Corruptor  
  175  17:44  Overseer x2  
  179  17:52  Drone x3  
  179  17:55  Spore Crawler, Spine Crawler  
  179  17:56  Spine Crawler  
  179  17:57  Spore Crawler  
  178  17:58  Spore Crawler  
  178  18:03  Zerg Flyer Weapons Level 1  
  177  18:08  Corruptor  
  177  18:09  Corruptor x3  
  177  18:12  Baneling x5  
  185  18:18  Corruptor  
  187  18:22  Drone  
  187  18:23  Drone x3  
  191  18:31  Corruptor x2  
  191  18:33  Viper  
  198  18:46  Baneling  
  198  18:47  Baneling x2  
  197  19:00  Corruptor  
  196  19:25  Overlord x3  
  194  19:33  Brood Lord  
  194  19:35  Overlord x2  
Show
View Real Time Build Order
Export as new Build Order

Mez Terran 

Build Orders: Liberator Opening, Reaper Expand 

Get SALT Encoding   

  12  0:00  SCV  
  13  0:13  SCV  
  14  0:17  Supply Depot  
  14  0:25  SCV  
  15  0:39  SCV, Barracks  
  16  0:44  Refinery  
  16  0:51  SCV  
  17  1:03  SCV  
  18  1:15  SCV  
  19  1:27  Orbital Command  
  19  1:29  Reaper  
  20  1:39  Command Center  
  20  1:48  Supply Depot  
  20  1:53  SCV  
  21  2:01  Marine  
  22  2:06  SCV  
  23  2:13  Factory  
  23  2:15  Refinery  
  23  2:22  Barracks Reactor  
  23  2:27  SCV  
  22  2:43  SCV  
  23  2:55  SCV  
  24  2:58  Starport  
  24  3:04  Hellion x2  
  28  3:06  Orbital Command  
  28  3:08  Barracks Tech Lab  
  28  3:09  SCV  
  29  3:21  SCV  
  29  3:24  Liberator  
  30  3:27  Hellion x2  
  30  3:33  SCV  
  35  3:35  Supply Depot  
  35  3:40  SCV  
  39  3:47  Marine  
  39  3:48  SCV  
  41  3:54  Hellion  
  45  3:56  Hellion  
  45  3:57  SCV  
  45  4:00  SCV  
  45  4:02  Supply Depot  
  47  4:08  Stimpack  
  47  4:09  SCV  
  48  4:12  SCV  
  49  4:29  SCV  
  49  4:30  SCV  
  51  4:33  Command Center  
  51  4:40  Supply Depot  
  51  4:44  Factory Reactor  
  51  4:45  Starport Reactor, Barracks  
  51  4:46  Barracks  
  51  4:48  SCV  
  51  4:49  SCV  
  53  4:54  Marauder  
  55  5:00  SCV  
  55  5:01  SCV  
  55  5:04  Bunker  
  57  5:12  SCV  
  57  5:13  SCV  
  57  5:15  Refinery  
  57  5:17  Refinery, Marauder  
  59  5:24  SCV  
  57  5:30  Engineering Bay, Factory Tech Lab  
  57  5:32  Engineering Bay, SCV  
  58  5:36  SCV  
  58  5:38  Marine x2  
  61  5:44  SCV, Marine x3  
  61  5:47  Orbital Command  
  61  5:48  SCV  
  65  5:51  Siege Tank  
  65  5:55  Marine  
  65  5:56  SCV  
  68  6:00  SCV  
  68  6:05  Supply Depot  
  68  6:06  Orbital Command  
  68  6:09  SCV  
  68  6:11  Terran Infantry Armor Level 1, Terran Infantry Weapons Level 1  
  69  6:18  Marine x5  
  66  6:20  Medivac x2  
  66  6:23  SCV  
  73  6:26  Siege Tank  
  73  6:32  Supply Depot  
  76  6:33  SCV x2  
  76  6:35  SCV  
  76  6:37  Marine x3  
  82  6:49  Marine, Supply Depot  
  82  6:50  SCV, Marine  
  82  6:52  Combat Shield  
  82  6:53  SCV x2  
  87  6:55  Marine, Medivac x2  
  92  7:04  Marine  
  92  7:06  Supply Depot  
  93  7:10  Marine x3  
  93  7:11  Siege Tank, SCV x2  
  101  7:15  Supply Depot  
  101  7:17  Supply Depot  
  101  7:19  Armory  
  101  7:27  Marine x2  
  101  7:28  SCV x2  
  101  7:29  Marine  
  109  7:30  SCV, Marine x2  
  109  7:34  Barracks x2  
  109  7:37  Medivac x2  
  113  7:45  Marine x2  
  113  7:47  Marine  
  112  7:52  Marine x2  
  112  7:53  Siege Tank  
  112  7:54  SCV x3  
  112  7:58  Factory, Supply Depot  
  120  8:03  Marine x2  
  120  8:04  Supply Depot  
  116  8:10  Marine  
  116  8:11  Marine x2  
  119  8:15  Terran Infantry Weapons Level 2  
  119  8:21  Marine x2  
  119  8:24  Barracks Reactor x2  
  119  8:25  SCV x3  
  124  8:28  Refinery x2  
  124  8:31  Siege Tank  
  127  8:46  Marine x5  
  127  8:48  Factory Tech Lab  
  131  8:49  Supply Depot  
  131  8:51  Supply Depot  
  131  8:52  Supply Depot  
  131  8:53  Supply Depot  
  131  9:00  Terran Infantry Armor Level 2, Command Center  
  131  9:03  Marine, Barracks  
  131  9:04  Marine x4, Barracks  
  131  9:05  Barracks  
  131  9:09  Marine x3  
  137  9:10  Marine  
  137  9:13  Siege Tank  
  137  9:16  Siege Tank  
  146  9:21  Marine x3  
  146  9:22  Marine x2  
  150  9:27  Marine x3  
  150  9:31  Supply Depot  
  153  9:33  Supply Depot  
  146  9:39  Marine  
  146  9:40  Marine x5  
  146  9:44  Medivac  
  146  9:45  Marine x3  
  155  9:47  Supply Depot  
  155  9:52  Siege Tank  
  156  10:04  Marine x6  
  152  10:07  Siege Tank  
  152  10:10  Barracks Reactor x2  
  152  10:11  Barracks Reactor  
  153  10:15  Barracks Tech Lab x3  
  153  10:20  Terran Vehicle Weapons Level 1  
  153  10:24  Siege Tank  
  141  10:53  Marine x9  
  141  10:54  Siege Tank  
  141  10:56  Siege Tank  
  139  11:03  Marine x3  
  142  11:10  Marine  
  142  11:11  Marine x3  
  130  11:15  Missile Turret  
  130  11:16  Missile Turret  
  130  11:18  Marine  
  130  11:19  Missile Turret, Marine x4  
  130  11:21  Marine, Medivac  
  134  11:26  Thor  
  134  11:28  Missile Turret, Thor, Marauder x2  
  148  11:45  SCV  
  148  11:46  SCV x2  
  151  11:54  Planetary Fortress  
  151  11:57  SCV  
  151  11:58  SCV, Marine x8, Marauder x3  
  167  12:07  Missile Turret  
  167  12:11  Siege Tank, Marine  
  171  12:16  Marine x4  
  169  12:36  Concussive Shells  
  169  12:38  Marine, Marauder x3  
  176  12:45  Sensor Tower  
  176  12:52  Refinery, Command Center x2, Medivac x2  
  176  12:54  Siege Tank x2, Refinery, Marine x8  
  176  12:56  Marine  
  195  12:59  Marine  
  196  13:07  Marine  
  196  13:10  Liberator  
  196  13:11  Marine  
  196  13:13  Liberator  
  196  13:20  Supply Depot  
  196  13:21  Marine x2, Marauder  
  196  13:22  Marauder  
  196  13:30  Siege Tank  
  177  13:39  Marine x9  
  177  13:40  Siege Tank, Marauder  
  166  13:43  Marauder  
  166  13:44  Marauder  
  169  13:48  Starport  
  169  13:50  Starport  
  169  13:52  Fusion Core  
  169  13:55  Liberator  
  166  13:56  Liberator  
  166  13:58  Marine x8, Marauder  
  166  14:01  Marine  
  166  14:02  Siege Tank  
  180  14:04  Marine  
  180  14:05  Marine  
  186  14:22  Marine x3  
  189  14:25  Terran Infantry Armor Level 3, Terran Infantry Weapons Level 3  
  136  14:55  Marine, Liberator x2  
  136  14:56  Marine x11, Liberator x2  
  144  15:13  Marine  
  144  15:14  Marine x4  
  153  15:16  Orbital Command  
  155  15:34  Marine x9, Marauder x3  
  170  15:43  Planetary Fortress  
  170  15:49  Sensor Tower  
  167  15:51  Missile Turret  
  167  15:52  Marine x2  
  135  15:57  Viking x4  
  166  16:02  Thor  
  166  16:04  Marauder  
  182  16:09  Liberator  
  182  16:10  Liberator x2  
  179  16:18  Missile Turret, Liberator  
  179  16:19  Missile Turret  
  179  16:20  Missile Turret x2  
  191  16:48  Thor  
  197  17:05  Command Center  
  197  17:07  Command Center  
  197  17:19  Viking  
  199  17:23  Refinery  
  199  17:25  Refinery  
  199  18:04  Hi-Sec Auto Tracking, Missile Turret  
  199  18:28  Orbital Command  
  199  18:31  Command Center x2  
  188  18:58  Starport Reactor, Starport Tech Lab  
  188  19:00  Viking x2  
  183  19:30  Viking  
  179  19:49  Missile Turret  
  179  19:50  Missile Turret  
Tags
 
Add a new tag
Caveats
  • Supply blocks, unpowered buildings, or Contaminate may cause inaccurate times.
  • Supply counts are checked every 10 seconds.